 Dungeon Crawl Stone Soup version 0.21.0 (webtiles) character file.

417 mopl the Slasher (level 6, 0/35 HPs)
             Began as a Tengu Skald on Jan 7, 2018.
             Was a Follower of the Shining One.
             Slain by a hound (5 damage)
             ... on level 4 of the Dungeon.
             The game lasted 00:04:46 (3547 turns).

mopl the Slasher (Tengu Skald)                      Turns: 3547, Time: 00:04:47

Health: 0/35       AC:  3    Str: 12    XL:     6   Next: 92%
Magic:  10/10      EV: 12    Int: 13    God:    the Shining One [*.....]
Gold:   162        SH:  0    Dex: 15    Spells: 1/9 levels left

rFire    . . .     SeeInvis .   a - +0 falchion
rCold    . . .     Gourm    .   (no shield)
rNeg     . . .     Faith    .   b - +0 leather armour
rPois    +         Spirit   .   (helmet restricted)
rElec    .         Reflect  .   (no cloak)
rCorr    .         Harm     .   (no gloves)
MR       .....                  (boots unavailable)
Stlth    +.........             (no amulet)
HPRegen  0.11/turn              n - ring of poison resistance
MPRegen  0.12/turn              (no ring)

@: very slightly contaminated, glowing
A: beak, talons 3, able to fly 1
a: Fly, Renounce Religion


You were on level 4 of the Dungeon.
You worshipped the Shining One.
The Shining One was aware of your devotion.
You were not hungry.

You visited 1 branch of the dungeon, and saw 4 of its levels.

You collected 162 gold pieces.

Inventory:

Hand Weapons
 a - a +0 falchion (weapon)
Missiles
 o - 2 tomahawks (quivered)
Armour
 b - a +0 leather armour (worn)
 q - a +0 shield
Jewellery
 n - a ring of poison resistance (left hand)
Scrolls
 e - a scroll of amnesia {unknown}
 g - 2 scrolls of identify {unknown}
 h - 3 scrolls of enchant weapon {unknown}
 k - 6 scrolls of remove curse {unknown}
 r - a scroll of immolation {unknown}
 s - a scroll of random uselessness {unknown}
Potions
 f - a potion of invisibility {unknown}
 i - a potion of curing {unknown}
 j - a potion of ambrosia {unknown}
 l - 2 potions of heal wounds {unknown}
 m - a potion of degeneration {unknown}
Comestibles
 d - 7 rations
 p - 2 chunks of flesh


   Skills:
 - Level 2.0 Fighting
 + Level 7.9 Long Blades
 - Level 1.1 Armour
 - Level 2.1 Dodging
 - Level 2.0 Spellcasting
 - Level 2.4 Charms


You had one spell level left.
You knew the following spells:

 Your Spells              Type           Power        Failure   Level  Hunger
a - Infusion              Chrm           #...         12%         1    ##.....
b - Song of Slaying       Chrm           #.......     19%         2    ###....
c - Spectral Weapon       Hex/Chrm       #.......     52%         3    ####...
f - Shroud of Golubria    Chrm/Tloc      #.........   30%         2    ###....


Dungeon Overview and Level Annotations

Branches:
Dungeon (4/15)
 Temple: D:4-7

Altars:
Fedhas
Makhleb
Nemelex Xobeh
Qazlal
Ru
Zin
The Shining One


Innate Abilities, Weirdness & Mutations

You have a beak for a mouth.
You have claws for feet.
You can fly.


Message History

The adder bites you. x2
The adder bites you but does no damage.
There is a stone staircase leading down here.
Found a ration.
The adder barely misses you.
A hound comes into view.
Your magical infusion is running out.
The hound misses you. The hound bites you.
* * * LOW HITPOINT WARNING * * *
The adder barely misses you.
You riposte.
You closely miss the adder. Your kick misses the adder.
The adder is lightly wounded.
Found 6 javelins.
The hound bites you.
* * * LOW HITPOINT WARNING * * *
Found a ration.
You are no longer magically infusing your attacks.
The hound bites you.
You die...

#.# ##..# #........
#.###.#>#####.......
#.#.##...l....%#
#.#########...#
#######.##### #l..#
............# #...#
..###...###.#####l..####
#...###.............(
#........<@h.........
#......##....S.........
#.........#####...#####
........#### #...#
###.#.##.# #...# #...
..# #...# ###. ### ..%#


You could see an iguana, a hound and an adder.

Vanquished Creatures
  Sigmund (D:2)
  A hound (D:3)
  Natasha (thrice) (D:2 D:1)
  3 gnolls
  6 adders
  A worm (D:2)
  2 dart slugs
  3 leopard geckos
  4 orcs (D:3)
  5 bats
  2 giant cockroaches
  12 goblins
  7 hobgoblins
  4 jackals (D:1)
  6 kobolds
  A quokka (D:2)
  2 ball pythons
  8 frilled lizards
  5 rats
76 creatures vanquished.

Notes
Turn   | Place    | Note
-------+----------+-------------------------------------------
     0 | D:1      | mopl the Tengu Skald began the quest for the Orb.
     0 | D:1      | Reached XP level 1. HP: 12/12 MP: 4/4
   106 | D:1      | Reached XP level 2. HP: 13/17 MP: 3/6
   109 | D:1      | Reached skill level 3 in Long Blades
   113 | D:1      | Learned a level 2 spell: Song of Slaying
   116 | D:1      | Learned a level 2 spell: Shroud of Golubria
   893 | D:1      | Reached XP level 3. HP: 15/21 MP: 0/7
  1256 | D:2      | Reached skill level 4 in Long Blades
  1331 | D:1      | Reached XP level 4. HP: 21/26 MP: 3/8
  1620 | D:2      | Reached skill level 5 in Long Blades
  1796 | D:2      | Noticed Natasha
  1809 | D:2      | Killed Natasha
  1966 | D:2      | Noticed Sigmund
  2001 | D:2      | Noticed Natasha
  2010 | D:1      | Killed Natasha
  2010 | D:1      | Gained mutation: You can fly. [Tengu growth]
  2010 | D:1      | Reached XP level 5. HP: 21/30 MP: 9/9
  2085 | D:1      | Noticed Natasha
  2092 | D:1      | Killed Natasha
  2092 | D:1      | Reached skill level 6 in Long Blades
  2113 | D:2      | Found a stormy altar of Qazlal.
  2113 | D:2      | Found a sparkling altar of Nemelex Xobeh.
  2124 | D:2      | Found a glowing silver altar of Zin.
  2126 | D:2      | Found a blossoming altar of Fedhas.
  2127 | D:2      | Found a glowing golden altar of the Shining One.
  2637 | D:2      | Killed Sigmund
  2637 | D:2      | Reached skill level 7 in Long Blades
  2637 | D:2      | Reached XP level 6. HP: 5/35 MP: 5/10
  2682 | D:2      | Learned a level 3 spell: Spectral Weapon
  3273 | D:3      | Found a sacrificial altar of Ru.
  3362 | D:3      | Found a faded altar of an unknown god.
  3368 | D:3      | Became a worshipper of the Shining One
  3368 | D:3      | Reached * piety under the Shining One
  3491 | D:3      | Found a burning altar of Makhleb.
  3547 | D:4      | Slain by a hound

Skill      XL: |  1  2  3  4  5 |
---------------+----------------+-----
Long Blades    | 3 4 5 7 |  7.9
Fighting       | |  2.0
Armour         | |  1.1
Dodging        | |  2.1
Spellcasting   | |  2.0
Charms         | |  2.4

Action                   |  1- 3 |  4- 6 || total
-------------------------+-------+-------++-------
Melee: Falchion          |    65 |   105 ||   170
       Kick              |    14 |    26 ||    40
       Peck              |    12 |     8 ||    20
 Cast: Infusion          |     8 |    14 ||    22
 Stab: Sleeping          |       |     1 ||     1
  Eat: Chunk             |     1 |     8 ||     9
Armor: Leather armour    |    22 |    17 ||    39
Dodge: Dodged            |    55 |    80 ||   135
       Rpst.: Falchion   |    12 |    29 ||    41
